cohdb
Replays
Latest Replays
All Replays
Popular Replays
Top Player Replays
Match Explorer
How It Works
Community
CoH3 Stats
Reddit
Sign in to upload your games and track your stats! →
Sign in with Steam
Match 41287812
Unlisted
Match 41287812
Overview
Messages
Build Orders
End
Construct Section Command Post
Vickers Machine Gun Team
ML 3-inch Mortar Team
Dingo Light Scout Car
Infantry Section
Construct Platoon Command Post
Humber Armored Car
Infantry Section
Unlock Bishop Self-propelled Artillery
Bishop Self-propelled Artillery
6-pounder Anti-tank Gun Team
Infantry Training
Bishop Self-propelled Artillery
6-pounder Anti-tank Gun Team
Team Weapon Training
Light Vehicle Training
Construct Company Command Post
Foot Guards Section
Selects Heavy Armor Battlegroup
Selects Rigorous Vehicle Training
Selects Forward Repair Assembly
Selects Churchill Black Prince Heavy Tank
Foot Guards Section
Mike
Boondoggle
Robot Devil
lattouf
Deliri0us
BlueSkidrow™
0
0
Comments
sign in to comment!
No comments posted yet!